 Dungeon Crawl Stone Soup version 0.29.0-13-gc9e81de378 (webtiles) character file.

Game seed: 48111375221740403

218178 Persephone the Slayer (level 17, -3/271 HPs)
             Began as a Minotaur Berserker on Sept 8, 2022.
             Was a High Priest of Trog.
             Slain by a yaktaur captain (13 damage)
             ... on level 3 of the Vaults on Sept 10, 2022.
             The game lasted 01:07:27 (26801 turns).

Persephone the Slayer (Minotaur Berserker)         Turns: 26801, Time: 01:07:27

Health: -3/271     AC: 33    Str: 34    XL:     17   Next: 97%
Magic:  16/16      EV: 10    Int: 16    God:    Trog [*****.]
Gold:   1041       SH:  0    Dex: 12    Spells: 16/16 levels left

rFire   + + .      SeeInvis .   n - +6 glaive (elec)
rCold   . . .      Faith    .   (shield currently unavailable)
rNeg    + + +      Spirit   .   m - +3 plate armour {Will+}
rPois   .          Reflect  .   B - +2 hat
rElec   .          Harm     .   C - +1 cloak {Will+}
rCorr   +          Rampage  .   O - +1 pair of gloves of Leroi {Regen+ Str+3 Dex+3 Stlth+}
Will    +++++      Clarity  +   E - +0 pair of boots
Stlth   ..........              M - amulet of the Four Winds {rN+ Will+++ Clar}
HPRegen 2.35/turn               H - ring "Imoofil" {rF+ rN+ rCorr Int+6 Stlth-}
MPRegen 0.15/turn               Q - ring of the Soothsayer {rF+ rN+ Int+6 Stlth+}

@: berserking, strong-willed, regenerating, very quick
A: horns 2, retaliatory headbutt
}: 2/15 runes: serpentine, barnacled
a: Renounce Religion, Berserk, Trog's Hand, Brothers in Arms


You were on level 3 of the Vaults.
You worshipped Trog.
Trog was extremely pleased with you.
You visited 6 branches of the dungeon, and saw 31 of its levels.
You also visited: Bailey and Gauntlet.

You collected 2898 gold pieces.
You spent 1857 gold pieces at shops.

Inventory:

Hand Weapons
 l - a +3 vampiric scythe
 n - a +6 glaive of electrocution (weapon)
 K - a +0 demon trident
 Z - a +0 rapier
Missiles
 F - 6 throwing nets
Armour
 a - a +3 leather armour of poison resistance
 m - a +3 plate armour of willpower (worn)
 v - a +3 chain mail of cold resistance
 B - a +2 hat (worn)
 C - a +1 cloak of willpower (worn)
 E - a +0 pair of boots (worn)
 G - a +2 pair of gloves of stealth
 O - the +1 pair of gloves of Leroi (worn) {Regen+ Str+3 Dex+3 Stlth+}
   (You found it on level 2 of the Lair of Beasts)

   Str:       It affects your strength (+3).
   Dex:       It affects your dexterity (+3).
   Regen:     It increases your rate of health regeneration.
   Stlth:     It makes you more stealthy.
Jewellery
 c - a +4 ring of evasion
 z - a ring of protection from cold
 H - the ring "Imoofil" (left hand) {rF+ rN+ rCorr Int+6 Stlth-}
   (You found it in a bailey)

   [ring of intelligence]

   Int:       It affects your intelligence (+6).
   rF:        It protects you from fire.
   rN:        It protects you from negative energy.
   rCorr:     It protects you from acid and corrosion.
   Stlth:     It makes you less stealthy.
 M - the amulet of the Four Winds (around neck) {rN+ Will+++ Clar}
   (You found it in a Gauntlet)

   [amulet of nothing]

   rN:        It protects you from negative energy.
   Clar:      It protects you against confusion.
   Will:      It greatly increases your willpower.
 P - an amulet of regeneration
 Q - the ring of the Soothsayer (right hand) {rF+ rN+ Int+6 Stlth+}
   (You found it on level 4 of the Lair of Beasts)

   [ring of intelligence]

   Int:       It affects your intelligence (+6).
   rF:        It protects you from fire.
   rN:        It protects you from negative energy.
   Stlth:     It makes you more stealthy.
 T - a ring of willpower
 W - an amulet of guardian spirit
Wands
 b - a wand of quicksilver (6)
 p - a wand of iceblast (37)
 r - a wand of digging (11)
 w - a wand of charming (9)
 x - a wand of polymorph (15)
 S - a wand of flame (18)
Scrolls
 d - 3 scrolls of vulnerability
 g - 16 scrolls of teleportation
 t - 4 scrolls of amnesia
 u - 5 scrolls of enchant armour
 y - 13 scrolls of identify
 A - 5 scrolls of butterflies
 I - 5 scrolls of fear
 J - 2 scrolls of silence
 N - 3 scrolls of blinking
 R - 4 scrolls of magic mapping
 V - a scroll of torment
 X - a scroll of summoning
Potions
 e - 2 potions of berserk rage
 f - 7 potions of mutation
 h - 7 potions of ambrosia
 i - 17 potions of curing
 j - 6 potions of heal wounds
 k - 7 potions of flight
 o - 9 potions of brilliance
 q - 7 potions of might
 s - 3 potions of lignification
 D - 2 potions of invisibility
 L - a potion of cancellation
 U - a potion of haste
 Y - 3 potions of resistance


   Skills:
 + Level 23.6 Fighting
 - Level 20.0 Polearms
 + Level 23.5 Armour
 - Level 2.1 Dodging


You had 16 spell levels left.
You didn't know any spells.
Your spell library was empty.

Dungeon Overview and Level Annotations

Branches:
Dungeon (13/15)            Temple (0/1) D:7            Lair (5/5) D:10
 Shoals (4/4) Lair:2        Snake (4/4) Lair:2          Orc (2/2) D:9
    Elf (0/3) Orc:2        Vaults (2/5) D:13         Bailey (visited)
Gauntlet (visited)
  Slime: Lair:4-5     Crypt: Vaults:2-3

Altars:
Ashenzari
Dithmenos
Elyvilon
Fedhas
Gozag
Hepliaklqana
Makhleb
Nemelex Xobeh
Okawaru
Qazlal
Ru
Sif Muna
Trog
Uskayaw
Vehumet
Wu Jian
Xom
Yredelemnul
Zin
Jiyva

Shops:
D:1 !   D:2 ?   D:11 :   Orc:2 *(*[   Shoals:1 =   Shoals:4 :   Snake:4 !((*

Annotations:
D:13 3 runed translucent doors, Kiokkeho's ghost, journeyman TrMo
Lair:4 exclusion: 3 oklob plants


Innate Abilities, Weirdness & Mutations

You have a pair of horns on your head.
You reflexively headbutt those who attack you in melee.


Message History

The yaktaur captain wields a +0 arbalest.
The yaktaur captain shoots a bolt.
The bolt hits you!
* * * LOW HITPOINT WARNING * * *
You closely miss the vault warden. Your headbutt misses the vault warden.
The vault warden is lightly wounded.
You closely miss the vault warden.
The vault warden is lightly wounded.
Your iron troll barely misses the ironbound convoker.
Your iron troll claws the ironbound convoker!!
Your iron troll closely misses the ironbound convoker.
Unknown command.
The vault guard hits you but does no damage.
The ironbound convoker points at the deep troll and mumbles some strange words.
The deep troll seems to grow stronger.
The vault warden activates a sealing rune.
The deep troll barely misses you. The deep troll claws you!
* * * LOW HITPOINT WARNING * * *
The deep troll claws you but does no damage.
Your iron troll bites the ironbound convoker!!
The ironbound convoker dies!
Trog accepts your kill.
Trog appreciates your killing of a magic user.
You are too injured to fight recklessly!
Unknown command.
You are too injured to fight recklessly!
Unknown command.
You are too injured to fight recklessly!
You slash the vault warden! You headbutt the vault warden.
The vault warden is moderately wounded.
The deep troll barely misses you. The deep troll completely misses you.
The deep troll barely misses you.
The vault warden hits you with a +0 broad axe!
* * * LOW HITPOINT WARNING * * *
The vault guard hits you with a +0 long sword.
* * * LOW HITPOINT WARNING * * *
You open the deep troll like a pillowcase!!!
The deep troll is almost dead.
The yaktaur captain unwields a +0 arbalest.
The yaktaur captain hits you!
You die...

#.........#
#.........#
#.........#
#.........#
#.........#
#.........#
###########
#############
#..c@Tp.....#
#..cpp).>...#########
#......T...)#†.......
#.........)†+.†......
#...........#........
#...........#........
#...........#........
#############........
#........


You could see a vault warden (strong), 2 yaktaur captains, a vault guard, a deep
troll (strong, ally target), a vault sentinel (strong) and a friendly iron troll
(summoned, berserk).

Vanquished Creatures
  Rupert (D:13)
  A sphinx (Vaults:2)
  A nagaraja (Snake:4)
  A frost giant (Shoals:4)
  3 orc warlords
  A vault warden (Vaults:3)
  5 ironbound preservers
  3 ironbound thunderhulks
  A minotaur (Gauntlet)
  3 dire elephants (Vaults:1)
  The ghost of Qucvyi Areg the Grappler, a journeyman DrTm of Yredelemnul (Lair:2)
  Snorg (D:10)
  4 merfolk impalers
  A merfolk javelineer (Shoals:4)
  A fire dragon (Lair:5)
  A green death (Gauntlet)
  A yaktaur captain (Vaults:3)
  8 hydras
  A great orb of eyes (Vaults:1)
  Fannar (D:10)
  The ghost of Suk Xiy the Grappler, a journeyman DrTm of Yredelemnul (Lair:2)
  Harold (Lair:1)
  A vault guard (Vaults:3)
  4 salamander tyrants (Snake:4)
  2 ironbound frosthearts (Vaults:1)
  A boulder beetle (D:13)
  A catoblepas (Lair:4)
  11 anacondas
  6 naga warriors
  2 dancing weapons (D:13)
  3 merfolk aquamancers (Shoals:4)
  3 centaur warriors
  6 death yaks (Lair:4)
  2 merfolk avatars (Shoals:4)
  2 tengu warriors (D:13)
  An alligator snapping turtle (Shoals:1)
  An orc high priest (Orc:2)
  7 shock serpents
  Urug (D:13)
  Amaemon (D:10)
  4 naga sharpshooters
  A salamander mystic (Snake:4)
  A flayed ghost (D:9)
  22 deep trolls
  A swamp dragon (Lair:5)
  2 sea snakes
  A glowing orange brain (Gauntlet)
  4 wizards
  8 naga ritualists
  7 lindwurms
  16 harpies
  A deep elf pyromancer (D:12)
  2 wolf spiders (Lair:5)
  7 orc knights
  An ironbound convoker (Vaults:2)
  11 mana vipers
  3 fauns (Shoals:3)
  9 ugly things
  10 salamanders
  4 orc sorcerers (Orc:2)
  5 cyclopes
  6 manticores
  9 elephants (Lair:5)
  3 merfolk sirens
  9 guardian serpents
  Maurice (D:10)
  36 black mambas
  12 naga magi
  A water nymph (Shoals:4)
  5 vault sentinels
  3 orange demons
  A smoke demon (Gauntlet)
  A gargoyle (D:12)
  Psyche (D:9)
  16 cane toads
  4 rime drakes
  A kobold demonologist (D:12)
  7 yaktaurs
  4 komodo dragons
  12 merfolk
  A red devil (Gauntlet)
  2 hornets (Lair:5)
  3 polar bears
  2 trolls
  12 slime creatures
  A snapping turtle (Shoals:4)
  6 wind drakes
  9 dream sheep (Lair:4)
  12 blink frogs
  Sigmund (D:2)
  3 vampires
  7 wraiths
  A shadow (D:11)
  A water elemental (Shoals:1)
  12 wyverns
  2 fire bats (D:9)
  43 yaks
  4 basilisks
  4 redbacks (Lair:5)
  3 wargs (Orc:1)
  3 acid dragons
  14 nagas
  18 water moccasins
  5 swamp drakes (Lair:5)
  28 orc warriors
  An ice beast (D:6)
  2 black bears
  3 ogres (Orc:2)
  11 centaurs
  2 phantoms (D:6)
  6 wolves (Lair:5)
  10 bullfrogs
  2 kobold brigands
  3 elf skeletons (D:6)
  A gnoll sergeant (D:5)
  2 necrophages
  A scorpion (D:5)
  6 wights
  22 killer bees
  An electric eel (Lair:5)
  3 crimson imps (Gauntlet)
  A human zombie (D:6)
  2 gnoll boudas
  A hound (D:7)
  3 jellies
  Crazy Yiuf (D:5)
  21 orc priests
  4 iguanas
  2 human skeletons (D:6)
  37 orc wizards
  4 hell rats (Lair:4)
  A statue (D:10)
  9 gnolls
  6 adders
  A white imp (D:6)
  A worm (D:4)
  3 dart slugs
  83 orcs
  6 ball pythons
  13 bats
  3 endoplasms
  2 giant cockroaches
  14 goblins
  8 hobgoblins
  3 quokkas
  2 frilled lizards
  23 kobolds
  5 rats
  A spectral kobold (D:5)
882 creatures vanquished.

Vanquished Creatures (collateral kills)
  A hydra (D:11)
  A vault guard (Vaults:3)
  2 anacondas (Snake:4)
  A deep troll (Vaults:3)
  An ironbound convoker (Vaults:3)
  A naga ritualist (Snake:4)
  A guardian serpent (Snake:4)
8 creatures vanquished.

Vanquished Creatures (others)
  A wizard (Vaults:1)
  An iguana (Lair:5)
  An orc wizard (Orc:2)
  8 fungi
  61 plants
72 creatures vanquished.

Grand Total: 962 creatures vanquished

Notes
Turn   | Place    | Note
-------+----------+-------------------------------------------
     0 | D:1      | Persephone the Minotaur Berserker began the quest for the
                  | Orb.
     0 | D:1      | Reached XP level 1. HP: 19/19 MP: 0/0
   202 | D:1      | Reached XP level 2. HP: 26/26 MP: 1/1
   296 | D:1      | Found a faded altar of an unknown god.
   312 | D:1      | Found Gocik's Distillery.
   524 | D:2      | Reached skill level 5 in Polearms
   617 | D:2      | Reached XP level 3. HP: 28/31 MP: 2/2
   771 | D:2      | Found Coqaysk's Magic Scroll Emporium.
   817 | D:2      | Noticed Sigmund
   824 | D:2      | Killed Sigmund
   825 | D:2      | Reached XP level 4. HP: 39/39 MP: 3/3
   825 | D:2      | Reached XP level 5. HP: 45/45 MP: 4/4
   974 | D:3      | Reached ** piety under Trog
  1078 | D:3      | Found a shimmering blue altar of Sif Muna.
  1728 | D:4      | Found a sacrificial altar of Ru.
  1886 | D:4      | Found an ornate altar of the Wu Jian Council.
  1897 | D:4      | Reached XP level 6. HP: 51/51 MP: 5/5
  2171 | D:5      | Entered Level 5 of the Dungeon
  2778 | D:5      | Found a runed translucent door.
  2779 | D:5      | Noticed Crazy Yiuf
  2887 | D:5      | Reached XP level 7. HP: 57/57 MP: 6/6
  3064 | D:5      | Found a hazy altar of Hepliaklqana.
  3108 | D:5      | Paralysed by Crazy Yiuf for 4 turns
  3113 | D:5      | Killed Crazy Yiuf
  3114 | D:5      | Reached skill level 10 in Polearms
  3213 | D:6      | Reached *** piety under Trog
  3316 | D:6      | Found a hide-covered altar of Uskayaw.
  3359 | D:6      | Noticed a yak
  3360 | D:6      | Noticed a yak
  3366 | D:6      | Noticed a yak
  3366 | D:6      | Noticed a yak
  3371 | D:6      | Killed a yak
  3373 | D:6      | Killed a yak
  3384 | D:6      | Killed a yak
  3385 | D:6      | Reached XP level 8. HP: 51/64 MP: 7/7
  4206 | D:7      | Reached XP level 9. HP: 46/70 MP: 8/8
  4320 | D:7      | Found a staircase to the Ecumenical Temple.
  4363 | D:7      | Found a shadowy altar of Dithmenos.
  4426 | D:7      | Found an opulent altar of Gozag.
  4426 | D:7      | Found a sparkling altar of Nemelex Xobeh.
  5490 | D:8      | Reached skill level 15 in Polearms
  5991 | D:8      | Found a white marble altar of Elyvilon.
  6105 | D:8      | Reached skill level 5 in Fighting
  6117 | D:8      | Found a bloodstained altar of Trog.
  6174 | D:8      | Found a glowing silver altar of Zin.
  6321 | D:9      | Found a staircase to the Orcish Mines.
  6464 | D:9      | Reached **** piety under Trog
  6572 | D:9      | Reached skill level 5 in Armour
  6678 | D:9      | Reached XP level 10. HP: 83/83 MP: 9/9
  6822 | D:9      | Found a runed translucent door.
  6830 | D:9      | Found a shimmering altar of Xom.
  6842 | D:9      | Found a shimmering altar of Xom.
  6851 | D:9      | Found a shimmering altar of Xom.
  6858 | D:9      | Found an iron altar of Okawaru.
  7131 | D:9      | Found a burning altar of Makhleb.
  7150 | D:9      | Found a hazy altar of Hepliaklqana.
  7154 | D:9      | Noticed Psyche
  7161 | D:9      | Killed Psyche
  7430 | D:9      | Found a basalt altar of Yredelemnul.
  7477 | D:9      | Noticed a flayed ghost
  7488 | D:9      | Killed a flayed ghost
  7557 | D:10     | Entered Level 10 of the Dungeon
  7557 | D:10     | Noticed Maurice
  7557 | D:10     | Found a blossoming altar of Fedhas.
  7725 | D:10     | Killed Maurice
  7726 | D:10     | Reached XP level 11. HP: 99/99 MP: 10/10
  7738 | D:10     | Noticed Fannar
  7751 | D:10     | Killed Fannar
  7752 | D:10     | Reached skill level 10 in Fighting
  7929 | D:10     | Found a flagged portal.
  7940 | Bailey   | Entered a bailey
  7975 | Bailey   | Noticed an orc warlord
  8112 | Bailey   | Found a runed translucent gate.
  8112 | Bailey   | Found a runed translucent gate.
  8113 | Bailey   | Found a runed translucent gate.
  8240 | Bailey   | Killed an orc warlord
  8241 | Bailey   | Reached skill level 10 in Armour
  8311 | Bailey   | Identified the ring "Imoofil" {rF+ rN+ rCorr Int+6 Stlth-}
  8324 | Bailey   | Reached XP level 12. HP: 113/113 MP: 11/11
  8461 | D:10     | Found a broken altar of Ashenzari.
  8749 | D:10     | Noticed Amaemon
  8759 | D:10     | Killed Amaemon
  8847 | D:10     | Noticed Snorg
  8855 | D:10     | Killed Snorg
  8926 | D:10     | Found a stormy altar of Qazlal.
  8985 | D:10     | Found a staircase to the Lair.
  9263 | D:10     | Found a radiant altar of Vehumet.
  9594 | D:11     | Noticed a seven-headed hydra
  9606 | D:11     | Killed a seven-headed hydra
 10096 | Orc:1    | Entered Level 1 of the Orcish Mines
 10132 | Orc:2    | Entered Level 2 of the Orcish Mines
 10239 | Orc:2    | Reached ***** piety under Trog
 10507 | Orc:2    | Found Gonel's Antique Weapon Emporium.
 10507 | Orc:2    | Found Adadipt's Assorted Antiques.
 10507 | Orc:2    | Found Zideyvvebb's Assorted Antiques.
 10565 | Orc:2    | Found Jash's Armour Shoppe.
 10573 | Orc:2    | Bought a +1 cloak of willpower for 247 gold pieces
 10587 | Orc:2    | Bought a glowing glaive for 266 gold pieces
 10593 | Orc:2    | Bought a thick soapstone amulet for 135 gold pieces
 10771 | Orc:2    | Noticed an orc high priest
 10779 | Orc:2    | Killed an orc high priest
 11046 | Orc:2    | Found a staircase to the Elven Halls.
 11100 | Orc:2    | Reached XP level 13. HP: 125/125 MP: 12/12
 11354 | Orc:2    | Noticed an orc warlord
 11366 | Orc:2    | Killed an orc warlord
 11371 | Orc:2    | Received a gift from Trog
 12272 | Lair:1   | Entered Level 1 of the Lair of Beasts
 12371 | Lair:1   | Noticed Harold
 12378 | Lair:1   | Killed Harold
 12379 | Lair:1   | Reached skill level 15 in Fighting
 12963 | Lair:2   | Reached skill level 15 in Armour
 13021 | Lair:2   | Found a runed translucent gate.
 13022 | Lair:2   | Found a runed translucent gate.
 13348 | Lair:2   | Found a gate leading to a gauntlet.
 13354 | Gauntlet | Entered a Gauntlet
 13354 | Gauntlet | Found a transporter.
 13354 | Gauntlet | Found a transporter.
 13360 | Gauntlet | Found a transporter.
 13372 | Gauntlet | Found a transporter.
 13385 | Gauntlet | Found a large runed translucent door.
 13386 | Gauntlet | Found a large runed translucent door.
 13387 | Gauntlet | Found a large runed translucent door.
 13387 | Gauntlet | Found a large runed translucent door.
 13387 | Gauntlet | Found a large runed translucent door.
 13387 | Gauntlet | Found a large runed translucent door.
 13387 | Gauntlet | Found a large runed translucent door.
 13387 | Gauntlet | Found a large runed translucent door.
 13388 | Gauntlet | Found a runed translucent door.
 13388 | Gauntlet | Found a runed translucent gate.
 13389 | Gauntlet | Found a transporter.
 13389 | Gauntlet | Found a runed translucent gate.
 13389 | Gauntlet | Found a transporter.
 13389 | Gauntlet | Found a transporter.
 13391 | Gauntlet | Found a transporter.
 13391 | Gauntlet | Found a transporter.
 13403 | Gauntlet | Found a transporter.
 13409 | Gauntlet | Found the amulet of the Four Winds {rN+ Will+++ Clar}
 13419 | Gauntlet | Found a transporter.
 13429 | Gauntlet | Found a transporter.
 13443 | Gauntlet | Found a transporter.
 13455 | Gauntlet | Found a large runed translucent door.
 13455 | Gauntlet | Noticed a green death
 13456 | Gauntlet | Found a large runed translucent door.
 13457 | Gauntlet | Found a large runed translucent door.
 13457 | Gauntlet | Found a large runed translucent door.
 13457 | Gauntlet | Found a large runed translucent door.
 13457 | Gauntlet | Found a large runed translucent door.
 13458 | Gauntlet | Found a runed translucent gate.
 13458 | Gauntlet | Found a large runed translucent door.
 13458 | Gauntlet | Found a runed translucent door.
 13458 | Gauntlet | Found a large runed translucent door.
 13463 | Gauntlet | Found a transporter.
 13566 | Gauntlet | Killed a green death
 13708 | Gauntlet | Noticed a minotaur
 13717 | Gauntlet | Killed a minotaur
 13877 | Lair:2   | Found a staircase to the Shoals.
 14318 | Lair:2   | Found a staircase to the Snake Pit.
 14356 | Lair:2   | Found a runed translucent gate.
 14358 | Lair:2   | Noticed Suk Xiy's ghost (journeyman DrTm)
 14358 | Lair:2   | Noticed Qucvyi Areg's ghost (journeyman DrTm)
 14376 | Lair:2   | Killed Qucvyi Areg's ghost
 14388 | Lair:2   | Killed Suk Xiy's ghost
 14399 | Lair:2   | Identified the +1 pair of gloves of Leroi {Regen+ Str+3
                  | Dex+3 Stlth+}
 15490 | Lair:4   | Reached XP level 14. HP: 136/137 MP: 13/13
 15553 | Lair:4   | Found a viscous altar of Jiyva.
 15733 | Lair:4   | Identified the ring of the Soothsayer {rF+ rN+ Int+6
                  | Stlth+}
 16199 | Lair:5   | Entered Level 5 of the Lair of Beasts
 17962 | D:2      | Bought a scroll of enchant weapon for 97 gold pieces
 17962 | D:2      | Bought a scroll of magic mapping for 97 gold pieces
 17962 | D:2      | Bought a scroll of brand weapon for 123 gold pieces
 17962 | D:2      | Bought a scroll of identify for 26 gold pieces
 17962 | D:2      | Bought a scroll of summoning for 123 gold pieces
 17962 | D:2      | Bought a scroll of summoning for 123 gold pieces
 18112 | D:11     | Found Vabyreuph's Book Emporium.
 18421 | D:11     | Reached XP level 15. HP: 149/149 MP: 14/14
 19472 | D:13     | Noticed Rupert
 19481 | D:13     | Killed Rupert
 19508 | D:13     | Found a runed translucent gate.
 19509 | D:13     | Found a runed translucent gate.
 19510 | D:13     | Found a runed translucent gate.
 19511 | D:13     | Noticed Kiokkeho's ghost (journeyman TrMo)
 19707 | D:13     | Noticed Urug
 19718 | D:13     | Killed Urug
 19909 | D:13     | Found a gate to the Vaults.
 20164 | Snake:1  | Entered Level 1 of the Snake Pit
 20397 | Snake:1  | Found the +5 robe of Misfortune {Harm *Corrode *Slow EV+5}
 21355 | Snake:3  | Received a gift from Trog
 21546 | Snake:4  | Entered Level 4 of the Snake Pit
 21546 | Snake:4  | Noticed a nagaraja
 21598 | Snake:3  | Reached XP level 16. HP: 148/162 MP: 6/15
 22223 | Snake:4  | Found Riyluong's General Store.
 22223 | Snake:4  | Found Eppu's Distillery.
 22224 | Snake:4  | Found Nudd's Antique Weapon Shoppe.
 22336 | Snake:4  | Found Vanul's Antique Weapon Emporium.
 23176 | Snake:4  | Got a serpentine rune of Zot
 23311 | Snake:4  | Bought a scroll of magic mapping for 112 gold pieces
 23311 | Snake:4  | Bought a scroll of teleportation for 45 gold pieces
 23311 | Snake:4  | Bought a scroll of teleportation for 45 gold pieces
 23320 | Snake:4  | Bought a potion of might for 76 gold pieces
 23320 | Snake:4  | Bought a potion of heal wounds for 95 gold pieces
 23320 | Snake:4  | Bought a potion of haste for 190 gold pieces
 23320 | Snake:4  | Bought a potion of curing for 57 gold pieces
 23429 | Shoals:1 | Entered Level 1 of the Shoals
 23602 | Shoals:1 | Found Iliwuj's Jewellery Emporium.
 23946 | Shoals:4 | Entered Level 4 of the Shoals
 23946 | Shoals:4 | Found Deciseri's Book Emporium.
 24236 | Shoals:4 | Reached XP level 17. HP: 107/176 MP: 16/16
 24432 | Shoals:4 | Got a barnacled rune of Zot
 24694 | Vaults:1 | Entered Level 1 of the Vaults
 25519 | Vaults:1 | Received a gift from Trog
 26593 | Vaults:2 | You fall into a shaft and drop 1 floor!
 26784 | Vaults:3 | Received a gift from Trog
 26800 | Vaults:3 | HP: 11/271 [vault warden/+0 broad axe (17)]
 26801 | Vaults:3 | Slain by a yaktaur captain

Illustrated notes

Levels and vault maps discovered:
D:1:      saegor_arrival_miasma, layout_rooms,
          shapermc_ecumenical_altar_notcrosses, serial_shops, shop
D:2:      layout_rooms, serial_shops, nicolae_shop_stone, uniq_sigmund
D:3:      layout_basic, mainiacjoe_overflow_alcove_4
D:4:      layout_basic, mainiacjoe_overflow_brackets,
          mainiacjoe_overflow_chevrons
D:5:      layout_basic, nicolae_hepliaklqana_monster_ancestors,
          uniq_crazy_yiuf_cottage
D:6:      layout_cave_pools, nicolae_uskayaw_suspiria,
          nicolae_ossuary_entry_catacombs, kennysheep_opposing_triangles
D:7:      layout_basic, grunt_temple_overflow_opulence,
          nicolae_overflow_crystal_walls, minmay_temple_entry_trees,
          serial_curves, eino_curves_04, eino_curves_02
D:8:      layout_basic, zin_treasury, elyvilon_altar_3, kennysheep_little_box,
          minmay_stone_trees_large, chequers_avenue
D:9:      due_megacathedral, layout_rooms, lemuel_coloured_pillars_altar,
          orc_0_dummy, uniq_psyche
D:10:     layout_roguey, vehumet_statue, amcnicky_altar_gilded,
          mainiacjoe_overflow_surrounded_room, mainiacjoe_overflow_catwalk,
          lair_entry_dummy, enter_bailey_7, uniq_amaemon, uniq_fannar,
          uniq_snorg, uniq_maurice
D:11:     layout_basic, serial_shops, nicolae_take_the_stairs
D:12:     layout_irregular_city
D:13:     layout_roguey, erik_vaults_1, gammafunk_ghost_necromancy, uniq_rupert,
          uniq_urug
Lair:1:   layout_long_grid, st_stairs_10, uniq_harold
Lair:2:   layout_gridlike, minmay_shoals_entry_beasts, dummy_snake_entry,
          gauntlet_entry_generic, gammafunk_ghost_cemetery,
          dreamdust_gnoll_shepherd, grunt_megastairs_1
Lair:3:   layout_chaotic_city
Lair:4:   layout_long_grid, minmay_slime_entry_oklob_open, serial_forest,
          infiniplex_forest_clump_diagonal, infiniplex_forest_clump_small,
          infiniplex_forest_clump_long, infiniplex_forest_straight_3,
          infiniplex_forest_clump_curved, infiniplex_forest_clump_double,
          infiniplex_forest_lined_room_3, minivault_26
Lair:5:   hangedman_lair_tendril_chambers, layout_cave_pods,
          guppyfry_lair_end_dragon, serial_bayou_shore_a
Shoals:1: layout_shoals, serial_shops, nicolae_shop_trees,
          nicolae_shoals_arrival_archipelago
Shoals:2: layout_shoals
Shoals:3: layout_shoals
Shoals:4: shoals_end_grunt_ice, layout_shoals, serial_shops, nicolae_square_shop
Snake:1:  layout_cave_pods, nrook_guardian_serpent_double
Snake:2:  layout_gridlike, uniq_donald, uniq_aizul
Snake:3:  gammafunk_sealed_library, layout_layer_cave, nicolae_snake_lava_pool,
          uniq_kirke
Snake:4:  snake_pit_salamanders_mu, layout_onion_interference,
          nicolae_shop_vocational, minmay_shoptagon
Orc:1:    layout_diamond_mine
Orc:2:    st_orc_mages, layout_caves, minmay_orc_barracks
Vaults:1: v_rooms_4, nicolae_vaults_network_quinsquares
          [nicolae_vaults_network_quincunx_subvault,
          nicolae_vaults_network_quincunx_subvault,
          nicolae_vaults_network_quincunx_subvault,
          nicolae_vaults_network_quincunx_subvault],
          nicolae_vaults_network_square, ontoclasm_vaults_pinch, v_misc_26,
          nicolae_vaults_circle_grid_b, vaults_mumra_minichess,
          nicolae_vaults_angled_halls, ontoclasm_vaults_chip,
          ontoclasm_vaults_shuriken, grunt_vaults_focal,
          ontoclasm_vaults_loading_screen, vaults_dpeg_spiral,
          layout_vaults_omnibox
Vaults:2: grunt_vaults_bifocal, ontoclasm_vaults_misaligned, v_rooms_1,
          hangedman_vaults_impose, ontoclasm_vaults_ring_square,
          ontoclasm_vaults_spin, vaults_room_semicircle,
          nicolae_vaults_bisected_inception,
          vaults_standard_mumra_enter_the_diamond, v_pattern_1,
          grunt_vaults_hallway_long, ontoclasm_vaults_decontamination,
          nicolae_vaults_little_ls, nicolae_vaults_three_branches,
          ontoclasm_vaults_gateway, layout_vaults_omnicross
Vaults:3: minmay_crypt_entry_nasty_monster, ontoclasm_vaults_eye,
          nicolae_vaults_quartermaster, hangedman_vaults_snaps,
          grunt_vaults_twisty, layout_vaults_omnigrid, serial_shops, shop

Skill      XL: |  1  2  3  4  5  6  7  8  9 10 11 12 13 14 15 16 17 |
---------------+----------------------------------------------------+-----
Polearms       | 4 5 7 8 9 11 14 16 18 19 20 | 20.0
Fighting       | 5 9 12 14 16 17 19 21 23 | 23.6
Armour         | 5 9 12 14 16 17 19 21 23 | 23.5
Dodging        | |  2.1

Action                   |  1- 3 |  4- 6 |  7- 9 | 10-12 | 13-15 | 16-18 || total
-------------------------+-------+-------+-------+-------+-------+-------++-------
Melee: Spear             |    69 |       |       |       |       |       ||    69
       Headbutt          |     9 |     9 |    35 |    92 |   183 |   124 ||   452
       Punch             |     1 |       |       |       |     1 |       ||     2
       Halberd           |       |    92 |   244 |   460 |       |       ||   796
       Glaive            |       |       |       |    77 |  1018 |   752 ||  1847
       Trident           |       |       |       |       |     5 |       ||     5
       Demon trident     |       |       |       |       |    22 |       ||    22
Invok: Berserk           |     1 |       |     1 |     8 |    17 |     9 ||    36
       Trog's Hand       |       |       |     2 |    17 |    29 |    22 ||    70
       Brothers in Arms  |       |       |       |       |       |     1 ||     1
  Use: Scroll            |       |     8 |     6 |    14 |     7 |     6 ||    41
       Potion            |       |       |       |     3 |       |     3 ||     6
 Stab: Distracted        |       |       |       |       |       |     1 ||     1
Armor: Scale mail        |    16 |       |       |       |       |       ||    16
       Leather armour    |       |    23 |    34 |       |    53 |    21 ||   131
       Plate armour      |       |       |    61 |   335 |   519 |   499 ||  1414
Dodge: Dodged            |    20 |    36 |    80 |   174 |   423 |   296 ||  1029
